 Dungeon Crawl Stone Soup version 0.18.1-48-g4cf74bf (webtiles) character file.

616 juanjsm the Digger (level 7, -3/36 HPs)
             Began as a Gargoyle Earth Elementalist on June 30, 2016.
             Killed by nerve-wracking pain
             ... invoked by Grinder
              (12 damage)
             ... on level 4 of the Dungeon.
             The game lasted 00:31:49 (4279 turns).

juanjsm the Digger (Gargoyle Earth Elementalist)    Turns: 4279, Time: 00:31:49

Health: -3/36      AC:  8    Str: 16    XL:     7   Next: 45%
Magic:  1/15       EV: 12    Int: 23    God:
Gold:   279        SH:  0    Dex: 10    Spells: 3 memorised, 8 levels left

rFire  . . .     SeeInvis .     e - +1 short sword (elec)
rCold  . . .     Gourm    .     a - +0 robe
rNeg   + + .     Faith    .     (no shield)
rPois  ∞         Spirit   .     C - +0 helmet
rElec  +         Dismiss  .     v - +0 cloak
rCorr  .         Reflect  .     (no gloves)
SustAt .         Harm     .     (no boots)
MR     .....                    (no amulet)
Stlth  ++........               (no ring)
                                p - ring of positive energy

@: mighty, brilliant, not resistant to hostile enchantments, unstealthy
A: negative energy resistance 1, electricity resistance, unbreathing,
petrification resistance, rot immunity, AC +4
a: no special abilities


You were on level 4 of the Dungeon.
You were not hungry.

You visited 1 branch of the dungeon, and saw 4 of its levels.

You collected 279 gold pieces.

Inventory:

Hand Weapons
 e - a +1 short sword of electrocution (weapon)
 r - a cursed -1 hand axe
 x - a +0 mace
 y - a +0 whip
 z - a +0 flail
 B - a +0 vampiric dagger
Missiles
 b - 102 stones (quivered)
Armour
 a - a +0 robe (worn)
 v - a +0 cloak (worn)
 C - a +0 helmet (worn)
 E - a +0 scale mail
Jewellery
 p - a ring of positive energy (left hand)
Wands
 s - a wand of random effects (20/48)
Scrolls
 h - 4 scrolls of identify {unknown}
 k - 2 scrolls of fear {unknown}
 n - a scroll of noise {unknown}
 q - a scroll of remove curse {unknown}
 w - a scroll of amnesia {unknown}
 D - a scroll of recharging {unknown}
Potions
 g - 2 potions of might
 i - a potion of degeneration {unknown}
 j - a potion of brilliance
 o - a potion of curing
 t - a potion of cure mutation {unknown}
 u - a potion of lignification {unknown}
 A - a potion of heal wounds {unknown}
 F - a potion of haste {unknown}
 G - a potion of resistance {unknown}
Books
 c - a book of Geomancy

   Spells                             Type                      Level
   a - Sandblast                      Earth                        1
   b - Passwall                       Transmutation/Earth          2
   c - Stone Arrow                    Conjuration/Earth            3
   d - Petrify                        Transmutation/Earth          4
   e - Lee's Rapid Deconstruction     Earth                        5
Comestibles
 d - 3 bread rations
 f - 2 meat rations
 l - 2 chunks of flesh
 m - 5 fruits


   Skills:
 - Level 1.5 Dodging
 - Level 2.1 Stealth
 * Level 5.6 Spellcasting
 + Level 3.4 Conjurations
   Level 0.7 Transmutations
 + Level 5.9 Earth Magic


You had 8 spell levels left.
You knew the following spells:

 Your Spells              Type           Power        Failure   Level  Hunger
a - Sandblast             Erth           #####.       1%          1    None
b - Stone Arrow           Conj/Erth      #####.       1%          3    #......
c - Lee's Rapid Deconstr  Erth           #####.....   3%          5    #####..


Dungeon Overview and Level Annotations

Branches:
Dungeon (4/15)
 Temple: D:4-7

Altars:
Fedhas

Annotations:
D:3 Biabri's ghost, weakling DENe
D:4 Grinder; Sigmund


Innate Abilities, Weirdness & Mutations

You are resistant to torment.
Your stone body is resilient (AC +4).
You are immune to poison.
You resist negative energy.
You are resistant to electric shocks.
You can survive without breathing.
You are immune to petrification.
You are immune to rotting.


Message History

It was a potion of curing.
You feel better. The orc closely misses you.
Casting: Stone Arrow
Confirm with . or Enter, or press ? or * to list all spells.
Aiming: Sandblast
Press: ? - help, Shift-Dir - straight line, f - orc, p - Grinder
Aim: an orc, wielding a dagger and wearing a leather armour
Okay, then.
Drink which item? (? for menu, Esc to quit)
Okay, then.
Read which item? (? for menu, Esc to quit)
Okay, then.
Casting: Sandblast
Confirm with . or Enter, or press ? or * to list all spells.
Aiming: Stone Arrow
Press: ? - help, Shift-Dir - straight line, f/p - Grinder
Aim: Grinder (heavily wounded)
The stone arrow misses Grinder.
The orc misses you. Grinder gestures at you. Pain shoots through your body!
You die...

......
#####.##'#
###......#.###
.............
......5.#'###
...........#
#.†.)o..#
#.......#
#.....@.#
#(......#
#.(.....#
#......(#
##.......#####
#.............
#.####....###
#.# #....# #.#
#....#


You could see Grinder and an orc.

Vanquished Creatures
  An ogre (D:3)
  3 scorpions (D:4)
  Crazy Yiuf (D:3)
  A hound (D:4)
  An orc wizard (D:4)
  Ijyb (D:2)
  Terence (D:3)
  Robin (D:3)
  6 adders
  4 gnolls (D:3)
  A shadow imp (D:4)
  An ooze (D:1)
  4 worms
  5 dart slugs
  4 giant geckos
  7 orcs
  2 ball pythons
  4 bats
  5 giant cockroaches
  9 hobgoblins
  11 jackals
  2 quokkas (D:3)
  6 giant newts
  15 goblins
  A jackal skeleton (D:4)
  4 kobolds
  14 rats
115 creatures vanquished.

Notes
Turn   | Place    | Note
--------------------------------------------------------------
     0 | D:1      | juanjsm the Gargoyle Earth Elementalist began the quest for the Orb.
     0 | D:1      | Reached XP level 1. HP: 10/10 MP: 3/3
   138 | D:1      | Reached XP level 2. HP: 15/15 MP: 1/5
   567 | D:1      | Reached XP level 3. HP: 19/19 MP: 4/7
   580 | D:1      | Learned a level 3 spell: Stone Arrow
  1313 | D:2      | Reached XP level 4. HP: 24/24 MP: 6/8
  1484 | D:2      | Noticed Ijyb
  1497 | D:2      | Killed Ijyb
  1497 | D:2      | Reached skill level 1 in Conjurations
  1829 | D:3      | Noticed Crazy Yiuf
  1856 | D:3      | Killed Crazy Yiuf
  1856 | D:3      | Reached XP level 5. HP: 28/28 MP: 0/10
  2011 | D:3      | Noticed Terence
  2097 | D:3      | Killed Terence
  2182 | D:3      | Reached skill level 5 in Earth Magic
  2283 | D:3      | Noticed Biabri's ghost (weakling DENe)
  2440 | D:3      | Noticed Robin
  2460 | D:3      | Killed Robin
  2480 | D:3      | Reached XP level 6. HP: 29/32 MP: 0/12
  2630 | D:3      | Learned a level 5 spell: Lee's Rapid Deconstruction
  3472 | D:4      | Noticed Sigmund
  3513 | D:4      | Reached skill level 5 in Spellcasting
  3695 | D:3      | Reached XP level 7. HP: 33/36 MP: 10/14
  4129 | D:4      | Found a blossoming altar of Fedhas.
  4253 | D:4      | Noticed Grinder
  4259 | D:4      | Paralysed by Grinder for 7 turns
  4269 | D:4      | Paralysed by Grinder for 6 turns
  4274 | D:4      | HP: 1/36 [orc/dagger (3)]
  4279 | D:4      | Killed from afar by Grinder

Skill      XL: |  1  2  3  4  5  6 |
---------------+-------------------+-----
Earth Magic    | 4 5 |  5.9
Spellcasting   | 3 4 5 |  5.6
Conjurations   | 1 2 3 |  3.4
Dodging        | |  1.5
Stealth        | |  2.1
Transmutations | |  0.7

Action                   |  1- 3 |  4- 6 |  7- 9 || total
-------------------------+-------+-------+-------++-------
Melee: Short sword       |    18 |    54 |     8 ||    80
 Cast: Sandblast         |    63 |   132 |    41 ||   236
       Stone Arrow       |       |    12 |     9 ||    21
  Use: Potion            |       |       |     3 ||     3
  Eat: Chunk             |     2 |     7 |     3 ||    12
Armor: Robe              |    16 |    43 |    29 ||    88
Dodge: Dodged            |    30 |    68 |    25 ||   123
